cohdb
Replays
Latest Replays
All Replays
Popular Replays
Top Player Replays
Match Explorer
How It Works
Community
CoH3 Stats
Reddit
Sign in to upload your games and track your stats! →
Sign in with Steam
Match 43861952
Unlisted
Match 43861952
Overview
Messages
Build Orders
End
Royal Engineer Section
Construct Section Command Post
Selects Canadian Shock Battlegroup
Dingo Light Scout Car
Infantry Section
Infantry Section
Selects Attacking Spirit
Selects Canadian Shock Section
Grenade Package
Infantry Section
Selects Incendiary Munitions
Construct Field Infirmary
Construct Platoon Command Post
Selects Pyrotechnics
Humber Armored Car
Infantry Training
6-pounder Anti-tank Gun Team
Canadian Shock Section
Construct Company Command Post
Selects Churchill Crocodile Heavy Tank
Canadian Shock Section
Matilda II Heavy Tank
Selects Point Assault
Crusader II Medium Tank
Churchill Crocodile Heavy Tank
6-pounder Anti-tank Gun Team
6-pounder Anti-tank Gun Team
Team Weapon Training
Royal Engineer Section
Bootyquake
Comnick
0
0
Comments
sign in to comment!
No comments posted yet!